 Dungeon Crawl Stone Soup version 0.31.0-1-g2c135a0 (webtiles) character file.

Game seed: 1602827383761268460

72 bonegar the Sneak (level 4, -3/37 HPs)
             Began as a Naga Enchanter on Jan 26, 2024.
             Slain by a sleepcap (5 damage)
             ... on level 3 of the Dungeon.
             The game lasted 00:18:40 (1158 turns).

bonegar the Sneak (Naga Enchanter)                  Turns: 1158, Time: 00:18:41

Health: -3/37      AC:  3    Str: 11    XL:     4   Next: 25%
Magic:  4/7        EV:  9    Int: 17    God:
Gold:   87         SH:  0    Dex: 11    Spells: 3/7 levels left

rFire   . . .        a - +1 dagger
rCold   . . .        (no shield)
rNeg    . . .        b - +0 robe
rPois   +            (no helmet)
rElec   .            j - +0 cloak
rCorr   .            (no gloves)
SInv    +            (no barding)
Will    .....        (no amulet)
Stlth   +++          (no ring)
HPRegen 0.26/turn    (no ring)
MPRegen 0.10/turn

%: no passive effects
@: about to teleport, very slow
A: AC +1, large, see invisible, deformed body, poison resistance, slowness 2,
spit poison 1, naga tail 1
a: Spit Poison


You were on level 3 of the Dungeon.
You visited 1 branch of the dungeon, and saw 3 of its levels.

You collected 87 gold pieces.

Inventory:

Hand Weapons
 a - a +1 dagger (weapon)
 e - a +0 falchion
Armour
 b - a +0 robe (worn)
 j - a +0 cloak (worn)
Jewellery
 f - an amulet of faith
Scrolls
 d - 2 scrolls of identify
 g - 2 scrolls of vulnerability
 k - a scroll of blinking {unknown}
Potions
 h - a potion of curing


   Skills:
 + Level 0.5 Fighting
 + Level 1.7 Short Blades
 + Level 1.6 Dodging
 + Level 5.7 Stealth
 + Level 2.3 Spellcasting
 + Level 3.5 Hexes
 + Level 0.2 Ice Magic


You had 3 spell levels left.
You knew the following spells:

 Your Spells              Type           Power      Damage    Failure   Level
a - Ensorcelled Hibernat  Hex/Ice        16%        N/A       13%         2
b - Mercury Vapours       Alch/Air       4%         N/A       28%         2

Your spell library contained the following spells:

 Spells                   Type           Power      Damage    Failure   Level
 Jinxbite                 Hex            26%        N/A       7%          2
 Confusing Touch          Hex            13%        N/A       13%         3
 Tukima's Dance           Hex            13%        N/A       13%         3
 Apportation              Tloc           4%         N/A       19%         1
 Sting                    Conj/Alch      8%         1d3       19%         1
 Dazzling Flash           Conj/Hex       14%        N/A       26%         3
 Olgreb's Toxic Radiance  Alch           2%         N/A       88%         4
 Alistair's Intoxication  Alch           1%         N/A       99%         5


Dungeon Overview and Level Annotations

Branches:
Dungeon (3/15)

Altars:

Annotations:
D:3 2 runed translucent doors, brinewave's ghost, amateur MiFi


Innate Abilities, Weirdness & Mutations

Your serpentine skin is tough. (AC +1)
You have supernaturally acute eyesight. (SInv)
Armour fits poorly on your strangely shaped body.
Your system is resistant to poisons. (rPois)
You cover ground very slowly.
You can spit poison.
You have a snake-like lower body.


Message History

You hit the sleepcap but do no damage. The sleepcap releases spores at you.
Casting: Ensorcelled Hibernation (safe; 13% risk of failure)
Confirm with . or Enter, or press ? or * to list all spells.
You can't see any susceptible monsters within range! (Use Z to cast anyway.)
Casting: Ensorcelled Hibernation (safe; 13% risk of failure)
Confirm with . or Enter, or press ? or * to list all spells.
You can't see any susceptible monsters within range! (Use Z to cast anyway.)
You hit the sleepcap. You punch the sleepcap.
The sleepcap is lightly damaged.
The sleepcap releases spores at you but does no damage.
You hit the sleepcap but do no damage.
The sleepcap is lightly damaged.
The sleepcap releases spores at you.
You are engulfed in a cloud of soporific spores!
You fall asleep.
The sleepcap releases spores at you!
You wake up.
You are engulfed in a cloud of soporific spores!
You are unaffected.
There is an open gate here.
The sleepcap closely misses you.
It was a potion of curing.
You feel better. The sleepcap releases spores at you.
You are engulfed in a cloud of soporific spores!
You fall asleep.
The sleepcap releases spores at you.
You wake up.
* * * LOW HITPOINT WARNING * * *
You are engulfed in a cloud of soporific spores!
You are unaffected.
The sleepcap releases spores at you.
* * * LOW HITPOINT WARNING * * *
As you read the scroll labelled IQEENOELOPP, it crumbles to dust.
You feel strangely unstable.
It was a scroll of teleportation.
The sleepcap barely misses you. The sleepcap releases spores at you.
* * * LOW HITPOINT WARNING * * *
You are engulfed in a cloud of soporific spores!
You are unaffected.
As you read the scroll labelled XAGOAMA QUIDD, it crumbles to dust.
The creatures around you are filled with an inner flame!
It was a scroll of immolation.
The sleepcap misses you. The sleepcap releases spores at you.
You die...

#))# ##..# ... .. #)††#
#.. #.# .#
#.#)##...#######.#..#
######......###.)..##.#.#
.........#.[............
.†.........####...[.#.#
.......#.### #.#....###
.....#.#.# #@...†...#
.....#.#># ##ff'##...##
.....#.#.# #.....#....#
.....#.#.# #.....#....##
.....#.#.#
##...##.....###
###.##.#.#
.#...#........# ..##.#.#
##.##.##.....####
.##.#.## #..##[#......##.
#....###.######........#


You could see 2 sleepcaps.

Vanquished Creatures
  2 adders (D:3)
  2 dart slugs
  4 orcs (D:3)
  4 endoplasms (D:1)
  3 giant cockroaches
  5 goblins
  3 hobgoblins
  2 jackals (D:1)
  2 kobolds
  5 ball pythons (D:1)
  5 bats
  2 frilled lizards (D:1)
  4 rats
43 creatures vanquished.

Notes
Turn   | Place    | Note
-------+----------+-------------------------------------------
     0 | D:1      | bonegar the Naga Enchanter began the quest for the Orb.
     0 | D:1      | Reached XP level 1. HP: 15/15 MP: 3/3
    47 | D:1      | Reached XP level 2. HP: 3/22 MP: 5/5
    50 | D:1      | Learned a level 2 spell: Ensorcelled Hibernation
   275 | D:1      | Reached skill level 5 in Stealth
   316 | D:1      | Reached XP level 3. HP: 22/28 MP: 6/6
  1045 | D:3      | Reached XP level 4. HP: 37/37 MP: 2/7
  1066 | D:3      | Found a large runed translucent door.
  1066 | D:3      | Found a large runed translucent door.
  1068 | D:3      | Noticed brinewave's ghost (amateur MiFi)
  1122 | D:3      | Learned a level 2 spell: Mercury Vapours
  1158 | D:3      | Slain by a sleepcap

Illustrated notes

Levels and vault maps discovered:
D:1:      ncdulo_lavacross, layout_basic, shapermc_ecumenical_altar_acropolis,
          hex_intersection, minmay_small_reverse_x
D:2:      layout_basic, uniq_jessica, uniq_sigmund
D:3:      layout_rooms, lemuel_round_altar, ebering_ghost_disaster_area,
          hellmonk_no_cap

Skill      XL: |  1  2 |
---------------+-------+-----
Stealth        | 5 |  5.7
Fighting       | |  0.5
Short Blades   | |  1.7
Dodging        | |  1.6
Spellcasting   | |  2.3
Hexes          | |  3.5
Ice Magic      | |  0.2

Action                     |  1- 3 |  4- 6 || total
---------------------------+-------+-------++-------
  Melee: Dagger            |    96 |    30 ||   126
         Punch             |     2 |     1 ||     3
   Cast: Ensorcelled Hiber |    22 |     5 ||    27
    Use: Potion            |     2 |     1 ||     3
         Scroll            |     1 |     2 ||     3
   Stab: Invisible         |     5 |       ||     5
         Sleeping          |    16 |     3 ||    19
 Armour: Robe              |    59 |    27 ||    86
  Dodge: Dodged            |    66 |    18 ||    84
